 Dungeon Crawl Stone Soup version 0.26-a0-1012-gedcf9b2963 (webtiles) character file.

Game seed: 7079376278139803057

31250 KristoblXynda the Spry (level 13, -13/65 HPs)
             Began as a Spriggan Berserker on Dec 7, 2020.
             Was the Champion of Trog.
             Mangled by a cane toad (56 damage)
             ... on level 4 of the Lair of Beasts.
             The game lasted 00:33:21 (20159 turns).

KristoblXynda the Spry (Spriggan Berserker)        Turns: 20159, Time: 00:33:21

Health: -13/65     AC: 13    Str: 19    XL:     13   Next: 25%
Magic:  14/14      EV: 30    Int: 11    God:    Trog [******]
Gold:   909        SH:  0    Dex: 18    Spells: 12/12 levels left

rFire    . . .     SeeInvis +   O - +8 quick blade
rCold    . . .     Faith    .   (shield restricted)
rNeg     . . .     Spirit   .   w - +1 swamp dragon scales
rPois    +         Reflect  +   (helmet restricted)
rElec    .         Harm     .   J - +2 cloak
rCorr    .         Rampage  .   (gloves unavailable)
Will     ++...                  (boots unavailable)
Stlth    +++++.....             t - amulet of reflection
HPRegen  0.20/turn              o - +6 ring of strength
MPRegen  0.14/turn              u - +4 ring of slaying

@: sleeping, very quick
A: very small, unfitting armour, see invisible, speed 3
a: Berserk, Trog's Hand, Brothers in Arms, Renounce Religion


You were on level 4 of the Lair of Beasts.
You worshipped Trog.
Trog was exalted by your worship.
You visited 3 branches of the dungeon, and saw 17 of its levels.
You also visited: Gauntlet.

You collected 909 gold pieces.

Inventory:

Hand Weapons
 x - the +7 short sword of Fear {vorpal, rF+ rC+ WL+ Str-4}
   (Trog gifted it to you on level 3 of the Lair of Beasts)

   It inflicts extra damage upon your enemies.
   It affects your strength (-4).
   It protects you from fire.
   It protects you from cold.
   It affects your willpower, your defense against some magical effects.
 I - a +6 short sword of electrocution
 O - a +8 quick blade (weapon)
Armour
 q - a +0 buckler
 w - +1 swamp dragon scales (worn)
 J - a +2 cloak (worn)
Jewellery
 o - a +6 ring of strength (left hand)
 t - an amulet of reflection (around neck)
 u - a +4 ring of slaying (right hand)
Wands
 p - a wand of digging (8)
 C - a wand of iceblast (6)
 L - a wand of acid (41)
 M - a wand of disintegration (2)
Scrolls
 a - 11 scrolls of teleportation
 b - 2 scrolls of magic mapping
 d - 4 scrolls of remove curse
 h - 2 scrolls of enchant armour
 i - a scroll of fog
 j - a scroll of immolation
 m - 3 scrolls of amnesia
 n - 3 scrolls of identify
 v - 3 scrolls of blinking
 H - a scroll of fear
Potions
 c - 9 potions of curing
 e - 3 potions of flight
 f - 2 potions of might
 g - 4 potions of heal wounds
 k - 2 potions of invisibility
 l - 2 potions of magic
 r - a potion of ambrosia
 s - 2 potions of attraction
 z - 2 potions of brilliance
 A - 4 potions of haste
 B - 3 potions of resistance
 D - 2 potions of lignification
Miscellaneous
 K - a condenser vane
 P - a lightning rod (4/4)
 Q - a phial of floods


   Skills:
 - Level 6.0 Fighting
 + Level 12.3 Short Blades
 + Level 7.0 Armour
 + Level 15.3 Dodging
 + Level 14.5 Stealth
 - Level 10.0 Evocations


You had 12 spell levels left.
You didn't know any spells.
Your spell library contained the following spells:

 Spells                   Type           Power        Failure   Level
 Animate Skeleton         Necr           #.....       50%         1
 Apportation              Tloc           #.....       50%         1
 Corona                   Hex            #......      50%         1
 Pain                     Necr           #...         50%         1
 Sting                    Tmut/Pois      #...         50%         1
 Summon Small Mammal      Summ           #...         50%         1
 Call Imp                 Summ           #.......     65%         2
 Ensorcelled Hibernation  Hex/Ice        #.....       65%         2
 Poisonous Vapours        Pois/Air       #.....       65%         2
 Confusing Touch          Hex            #.......     86%         3
 Dazzling Flash           Conj/Hex       #.....       86%         3
 Ignite Poison            Fire/Tmut/Pois #.......     86%         3
 Mephitic Cloud           Conj/Pois/Air  #.......     86%         3
 Summon Guardian Golem    Hex/Summ       #.......     86%         3
 Tukima's Dance           Hex            #.......     86%         3
 Vampiric Draining        Necr           #.........   86%         3
 Animate Dead             Necr           #.........   99%         4
 Leda's Liquefaction      Hex/Erth       #.........   99%         4
 Olgreb's Toxic Radiance  Pois           #.......     99%         4
 Agony                    Necr           #.......     100%        5
 Borgnjor's Vile Clutch   Necr/Erth      #.........   100%        5
 Lee's Rapid Deconstruct  Erth           #.........   100%        5


Dungeon Overview and Level Annotations

Branches:
Dungeon (12/15)            Temple (1/1) D:7            Lair (4/6) D:10
 Shoals (0/4) Lair:2        Snake (0/4) Lair:4      Gauntlet (visited)
    Orc: D:9-12

Altars:
Ashenzari
Cheibriados
Dithmenos
Elyvilon
Fedhas
Gozag
Hepliaklqana
Kikubaaqudgha
Makhleb
Nemelex Xobeh
Okawaru
Qazlal
Ru
Sif Muna
Trog
Uskayaw
Vehumet
Wu Jian
Xom
Yredelemnul
Zin
The Shining One

Shops:
D:8 }:(

Annotations:
D:3 2 transporters, quixatocs's ghost, amateur SpBr


Innate Abilities, Weirdness & Mutations

You are very small and have problems with some larger weapons.
You are too small for most types of armour.
You have supernaturally acute eyesight. (SInv)
You cover ground extremely quickly.


Message History

The dream sheep bleats! x2
The basilisk hisses angrily.
You puncture the dream sheep!
The dream sheep is severely wounded.
You puncture the dream sheep!
You kill the dream sheep!
Trog accepts your kill.
A wyvern comes into view.
The cane toad completely misses you.
The dream sheep are wreathed in dream dust.
You feel drowsy...
You fall asleep.
The cane toad completely misses you. x2
The dream sheep closely misses you.
The cane toad stings you but does no damage.
The dream sheep barely misses you. The dream sheep closely misses you.
The cane toad completely misses you. The dream sheep misses you.
The dream sheep completely misses you. The cane toad stings you!!!
Ouch! That really hurt!
You die...

........#.##............P...P.#..
.......#..##............P.......<
P.....###.....#..................
......# #.............>..........
......# #.....................###
#.#######..................(.####
♣.≈≈. #......................##..
≈.≈≈≈.#..........................
♣.♣♣.♣#)........@................
...♣≈.#........YFYY..............
.>.............lY.l..............
)..♣≈P#...........##P............
♣.♣♣.≈#............##............
P.≈...#.....................##...
..≈.≈##......................#...
#.####.................(..
#....#...........P........


You could see a cane toad, a basilisk, a wyvern and 4 dream sheep.

Vanquished Creatures
  A minotaur (Gauntlet)
  Harold (D:7)
  2 boulder beetles
  3 hydras
  A two-headed ogre (D:8)
  4 oklob plants (Lair:3)
  A moth of wrath (Gauntlet)
  4 cane toads
  Maurice (D:9)
  2 black mambas
  Psyche (D:10)
  Maggie (D:7)
  A torpor snail (Lair:3)
  A rime drake (Lair:3)
  5 komodo dragons
  2 trolls
  A polar bear (Lair:3)
  A dream sheep (Lair:4)
  9 blink frogs
  A snapping turtle (Lair:2)
  26 yaks
  A wraith (D:10)
  2 shadows (Gauntlet)
  3 wyverns
  4 vampire mosquitoes (D:10)
  7 basilisks
  2 swamp worms (D:8)
  2 nagas (Lair:4)
  An acid dragon (D:11)
  6 water moccasins
  2 ice beasts
  2 sky beasts
  3 orc warriors
  A phantom (D:4)
  2 black bears
  3 ogres
  36 wolves
  6 centaurs (D:11)
  2 big kobolds (D:6)
  21 bullfrogs
  A wyvern zombie (D:5)
  A wyvern skeleton (D:9)
  4 scorpions
  16 killer bees
  8 wights
  2 jellies (D:6)
  6 electric eels (D:10)
  6 howler monkeys
  2 centaur zombies
  12 hounds
  Crazy Yiuf (D:2)
  A bullfrog skeleton (D:5)
  4 quasits
  8 orc priests
  2 iguanas
  8 orc wizards
  2 worker ants
  8 hell rats (Lair:3)
  A killer bee zombie (D:6)
  2 hound skeletons (D:9)
  6 gnolls (D:6)
  14 adders
  A white imp (D:8)
  4 ufetubi
  An adder zombie (D:7)
  3 adder skeletons
  2 worms
  5 dart slugs
  7 leopard geckos
  57 orcs
  3 ball pythons
  6 giant cockroaches
  8 goblins
  6 hobgoblins
  19 jackals
  23 kobolds
  4 quokkas
  7 bats
  3 frilled lizards
  A quokka skeleton (D:5)
  6 rats
456 creatures vanquished.

Vanquished Creatures (others)
  A shadow imp (D:10)
  10 fungi
  16 plants
27 creatures vanquished.

Grand Total: 483 creatures vanquished

Notes
Turn   | Place    | Note
-------+----------+-------------------------------------------
     0 | D:1      | KristoblXynda the Spriggan Berserker began the quest for
                  | the Orb.
     0 | D:1      | Reached XP level 1. HP: 11/11 MP: 2/2
    47 | D:1      | Reached skill level 1 in Stealth
    50 | D:1      | Reached XP level 2. HP: 16/16 MP: 3/3
   843 | D:1      | Reached XP level 3. HP: 19/19 MP: 4/4
   929 | D:1      | Reached ** piety under Trog
  1087 | D:2      | Reached skill level 5 in Dodging
  1138 | D:2      | Found a shadowy altar of Dithmenos.
  1197 | D:2      | You fall into a shaft and drop 2 floors!
  1228 | D:4      | Reached XP level 4. HP: 24/24 MP: 5/5
  1335 | D:4      | Found a glowing silver altar of Zin.
  1356 | D:4      | Reached XP level 5. HP: 21/28 MP: 6/6
  1366 | D:4      | Reached skill level 6 in Dodging
  1393 | D:4      | Reached XP level 6. HP: 17/32 MP: 7/7
  2119 | D:4      | Found a white marble altar of Elyvilon.
  2120 | D:4      | Found an ornate altar of the Wu Jian Council.
  2265 | D:4      | Found a hide-covered altar of Uskayaw.
  2296 | D:4      | Reached skill level 5 in Short Blades
  2296 | D:4      | Reached skill level 5 in Stealth
  2744 | D:3      | Found a transporter.
  2812 | D:3      | Reached XP level 7. HP: 37/37 MP: 8/8
  3048 | D:3      | Reached skill level 7 in Dodging
  3246 | D:3      | Reached *** piety under Trog
  3914 | D:3      | Found a transporter.
  3915 | D:3      | Noticed quixatocs's ghost (amateur SpBr)
  4349 | D:2      | Found a broken altar of Ashenzari.
  4530 | D:2      | Found a runed translucent door.
  4531 | D:2      | Noticed Crazy Yiuf
  4538 | D:2      | Killed Crazy Yiuf
  4538 | D:2      | Reached **** piety under Trog
  5392 | D:5      | Entered Level 5 of the Dungeon
  5587 | D:5      | Reached skill level 8 in Dodging
  5660 | D:5      | Found a sacrificial altar of Ru.
  5794 | D:5      | Found a hazy altar of Hepliaklqana.
  5795 | D:5      | Found a shimmering altar of Xom.
  5795 | D:5      | Noticed a two-headed ogre
  5796 | D:5      | Noticed a spectral ugly thing
  5796 | D:5      | Noticed an unseen horror
  5838 | D:5      | Reached XP level 8. HP: 31/42 MP: 9/9
  6806 | D:6      | Reached skill level 5 in Fighting
  6831 | D:6      | Found a blossoming altar of Fedhas.
  6912 | D:6      | Found a shimmering blue altar of Sif Muna.
  7103 | D:6      | Reached skill level 9 in Dodging
  7103 | D:6      | Reached skill level 1 in Evocations
  7800 | D:7      | Noticed Maggie
  7813 | D:7      | Killed Maggie
  7814 | D:7      | Reached XP level 9. HP: 47/47 MP: 10/10
  8160 | D:7      | Noticed Harold
  8177 | D:7      | Killed Harold
  8178 | D:7      | Reached skill level 1 in Armour
  8178 | D:7      | Reached skill level 10 in Dodging
  8178 | D:7      | Reached skill level 10 in Stealth
  8305 | D:7      | Reached skill level 5 in Evocations
  8390 | D:7      | Reached ***** piety under Trog
  8537 | D:7      | Found a staircase to the Ecumenical Temple.
  8846 | Temple   | Entered the Ecumenical Temple
  9156 | D:8      | Found Boasted's Antique Weapon Shop.
  9438 | D:8      | Noticed a two-headed ogre
  9459 | D:8      | Killed a two-headed ogre
  9460 | D:8      | Reached XP level 10. HP: 51/51 MP: 11/11
  9624 | D:8      | Reached skill level 11 in Dodging
  9846 | D:8      | Found Xasisycop's Gadget Boutique.
 10066 | D:8      | Identified the Guide on Ashen Companions
 10208 | D:8      | Found Vaschami's Book Shop.
 10628 | D:9      | Noticed Maurice
 10695 | D:9      | Killed Maurice
 11071 | D:9      | Found a basalt altar of Yredelemnul.
 11479 | D:9      | Found a burning altar of Makhleb.
 11479 | D:9      | Noticed a cacodemon
 11482 | D:9      | Noticed an orange demon
 11482 | D:9      | Noticed an orange demon
 11571 | D:10     | Entered Level 10 of the Dungeon
 11621 | D:10     | Noticed Psyche
 11629 | D:10     | Killed Psyche
 11947 | D:10     | Found a staircase to the Lair.
 12515 | D:10     | Reached skill level 12 in Dodging
 12779 | D:10     | Reached XP level 11. HP: 45/55 MP: 12/12
 13271 | D:11     | Received a gift from Trog
 13821 | D:11     | Reached skill level 10 in Short Blades
 14699 | D:12     | Noticed a skeletal warrior
 14699 | D:12     | Noticed a skeletal warrior
 14699 | D:12     | Noticed a skeletal warrior
 14699 | D:12     | Noticed a skeletal warrior
 14699 | D:12     | Noticed a skeletal warrior
 14764 | Lair:1   | Entered Level 1 of the Lair of Beasts
 14923 | Lair:1   | Reached skill level 13 in Dodging
 14936 | Lair:1   | Found a gate leading to a gauntlet.
 14944 | Gauntlet | Entered a Gauntlet
 14944 | Gauntlet | Found a transporter.
 14957 | Gauntlet | Found a transporter.
 14958 | Gauntlet | Found a transporter.
 14967 | Gauntlet | Found a transporter.
 14969 | Gauntlet | Found a transporter.
 14970 | Gauntlet | Found a transporter.
 14974 | Gauntlet | Found a runed translucent door.
 14976 | Gauntlet | Found a runed translucent door.
 14978 | Gauntlet | Found a transporter.
 14981 | Gauntlet | Found a transporter.
 14982 | Gauntlet | Found a transporter.
 14988 | Gauntlet | Noticed a dire elephant
 14990 | Gauntlet | Found a transporter.
 14993 | Gauntlet | Found a transporter.
 14994 | Gauntlet | Found a transporter.
 15002 | Gauntlet | Found a transporter.
 15064 | Gauntlet | Found a transporter.
 15145 | Gauntlet | Reached skill level 5 in Armour
 15205 | Gauntlet | Noticed a minotaur
 15257 | Gauntlet | HP: 1/82 [minotaur/+6 short sword of electrocution (25)]
 15258 | Gauntlet | Killed a minotaur
 15562 | Gauntlet | Got a steaming robe
 15574 | Gauntlet | Identified the +2 robe of Indomitability {+Fly rC- Str+2}
                  | (You found it in a Gauntlet)
 15659 | Lair:1   | Received a gift from Trog
 15748 | Lair:1   | Reached skill level 10 in Evocations
 15940 | Lair:1   | You fall into a shaft and drop 1 floor!
 15987 | Lair:2   | Reached XP level 12. HP: 46/60 MP: 13/13
 16144 | Lair:1   | Noticed a six-headed hydra
 16151 | Lair:1   | Killed a six-headed hydra
 16777 | Lair:2   | Reached skill level 14 in Dodging
 16839 | Lair:2   | Found a staircase to the Shoals.
 17834 | Lair:3   | Noticed an eight-headed hydra
 17841 | Lair:3   | Killed an eight-headed hydra
 18388 | Lair:3   | Reached ****** piety under Trog
 18461 | Lair:3   | Received a gift from Trog
 18464 | Lair:3   | Got a fine short sword {god gift}
 18468 | Lair:3   | Identified the +7 short sword of Fear {vorpal, rF+ rC+ WL+
                  | Str-4} (Trog gifted it to you on level 3 of the Lair of
                  | Beasts)
 18585 | Lair:3   | Noticed a five-headed hydra
 18600 | Lair:3   | Killed a five-headed hydra
 19001 | Lair:3   | Noticed a boulder beetle
 19009 | Lair:3   | Killed a boulder beetle
 19010 | Lair:3   | Reached skill level 15 in Dodging
 19010 | Lair:3   | Reached XP level 13. HP: 65/65 MP: 14/14
 19982 | Lair:4   | Found a staircase to the Snake Pit.
 20159 | Lair:4   | Mangled by a cane toad

Illustrated notes

Levels and vault maps discovered:
D:1:      lightli_arrival_boilingwater, layout_rooms, serial_curves,
          eino_curves_03, eino_curves_01
D:2:      layout_basic, lemuel_coloured_pillars_altar, general_overflow_altar,
          bh_walls_and_bars, uniq_crazy_yiuf_cottage
D:3:      layout_basic, gammafunk_ghost_mausoleum
D:4:      layout_basic, eat_drink_and_be_merry_uskayaw,
          nicolae_overflow_crystal_walls, minitemple
D:5:      layout_loops_cross, regret_index_temple_of_mockery, lemuel_round_altar
D:6:      layout_gridville, lemuel_doored_altar, fedhas_ov_isle_minmay
D:7:      layout_basic, minmay_temple_entry_hall, minmay_checkerbox,
          uniq_harold, uniq_maggie
D:8:      layout_basic, serial_shops, nicolae_shop_waterfront,
          nicolae_shop_temple_entry_statues_fountains, nicolae_shop_statue_plus,
          worms_lemuel
D:9:      layout_basic, makhleb_altar_promises_db, yredelemnul_altar_generic,
          uniq_maurice
D:10:     layout_irregular_city, erik_lair_island, uniq_psyche
D:11:     layout_long_grid
D:12:     layout_loops_corners, orc_0_dummy, serial_shops, shop_statue,
          chequers_serial_rivers_micro_d, patterned_corridor, uniq_fannar
Temple:   dpeg_chambers_temple
Lair:1:   layout_long_grid, gauntlet_entry_generic, nzn_random_ring
Lair:2:   layout_layer_cave, minmay_shoals_entry_hut
Lair:3:   minmay_lair_oklob_tunnel, layout_regular_city, st_stairs_4,
          lemuel_fruit_tree, grunt_megastairs_2, infiniplex_staircase_pool
Lair:4:   layout_hall_layers, guppyfry_snake_entry_garden

Skill      XL: |  1  2  3  4  5  6  7  8  9 10 11 12 13 |
---------------+----------------------------------------+-----
Stealth        | 1 2 3 4 5 6 9 10 12 14 | 14.5
Dodging        | 5 6 8 9 10 12 13 15 | 15.3
Fighting       | 3 4 5 6 |  6.0
Short Blades   | 4 5 6 7 8 9 10 12 | 12.3
Evocations     | 3 6 7 10 | 10.0
Armour         | 2 3 5 6 7 |  7.0

Action                   |  1- 3 |  4- 6 |  7- 9 | 10-12 | 13-15 || total
-------------------------+-------+-------+-------+-------+-------++-------
Melee: Short sword       |    90 |   122 |   423 |   642 |       ||  1277
       Quick blade       |       |       |       |   453 |   116 ||   569
Invok: Berserk           |     4 |     1 |     4 |    12 |     2 ||    23
       Trog's Hand       |       |     1 |       |     2 |       ||     3
       Brothers in Arms  |       |       |       |     1 |       ||     1
Evoke: Wand              |       |       |       |     8 |     1 ||     9
  Use: Scroll            |     1 |     5 |     6 |    18 |     2 ||    32
       Potion            |       |     2 |       |     4 |       ||     6
 Stab: Sleeping          |     2 |       |    23 |    24 |     4 ||    53
       Distracted        |       |     2 |       |     5 |     1 ||     8
Armor: Animal skin       |     2 |     3 |    16 |    13 |       ||    34
       Robe              |       |       |       |    20 |       ||    20
       Swamp dragon scal |       |       |       |    18 |     5 ||    23
Dodge: Dodged            |    68 |    93 |   371 |   653 |    46 ||  1231
Block: Other             |       |       |    12 |   141 |     8 ||   161
       Reflection        |       |       |       |     1 |       ||     1

Table legend: (Time is in decaauts)
 A = Elapsed time spent in this place.
 B = Non-inter-level travel time spent in this place.
 C = Inter-level travel time spent in this place.
 D = Time resting spent in this place.
 E = Time spent auto-exploring this place.
 F = Levels seen in this place.
 G = Mean time per level.
                   A        B        C        D        E       F      G
               +--------+--------+--------+--------+--------+-----+--------+
         Total |  15404 |  15063 |    341 |   6761 |   5281 |  18 |  855.8 |
       Dungeon |  11458 |  11200 |    258 |   5312 |   3789 |  12 |  954.8 |
        Temple |    125 |    112 |     13 |      0 |    109 |   1 |  125.0 |
          Lair |   3282 |   3213 |     69 |   1107 |   1382 |   4 |  820.5 |
      Gauntlet |    538 |    538 |      0 |    342 |      0 |   1 |  538.0 |
               +--------+--------+--------+--------+--------+-----+--------+

Top non-repeatable levels by time:
    D:10: 1430 daAuts
     D:3: 1411 daAuts
  Lair:3: 1300 daAuts
     D:8: 1261 daAuts
     D:4: 1156 daAuts
    D:11: 1122 daAuts
     D:6: 992 daAuts
     D:7: 965 daAuts
     D:2: 909 daAuts
     D:1: 887 daAuts
  Lair:2: 877 daAuts
     D:5: 713 daAuts
  Lair:1: 678 daAuts
     D:9: 585 daAuts
Gauntlet: 538 daAuts
